 Dungeon Crawl Stone Soup version 0.27-a0-1219-g958d993ae5 (webtiles) character file.

Game seed: 17835446027749115996

74 sanka the Charlatan (level 4, -2/35 HPs)
             Began as a Djinni Artificer on June 6, 2021.
             Slain by Robin
             ... wielding a +0 spear
              (4 damage)
             ... on level 2 of the Dungeon.
             The game lasted 00:03:17 (3451 turns).

sanka the Charlatan (Djinni Artificer)              Turns: 3451, Time: 00:03:18

Health: -2/35      AC:  5    Str: 11    XL:     4   Next: 52%
Gold:   114        EV: 10    Int: 14    God:
                   SH:  0    Dex: 13

rFire    + + .     SeeInvis .   n - +0 long sword
rCold    x . .     Faith    .   (no shield)
rNeg     . . .     Spirit   .   j - +0 ring mail
rPois    ∞         Reflect  .   (no helmet)
rElec    .         Harm     .   (no cloak)
rCorr    .         Rampage  .   (no gloves)
Will     .....                  (boots unavailable)
Stlth    +.........             (no amulet)
HPRegen  0.11/turn              (no ring)
MPRegen  0.00/turn              (no ring)

@: flying
A: sickness immunity, fire resistance 2, cold vulnerability 1, float, innate
caster, hp casting, extra vitality 1
a: no special abilities


You were on level 2 of the Dungeon.
You visited 1 branch of the dungeon, and saw 2 of its levels.

You collected 114 gold pieces.


Innate Abilities, Weirdness & Mutations

You are immune to sickness and miasma.
You are immune to poison.
Your flesh is very heat resistant. (rF++)
You are vulnerable to cold. (rC-)
You float through the air rather than walking.
You learn spells naturally, not from books.
Your magical power is your life essence.
You have superior vitality. (+4 HP)


   Skills:
 - Level 3.0 Fighting
 - Level 1.0 Armour
 - Level 2.1 Dodging
 - Level 0.7 Stealth
 + Level 1.6 Spellcasting
 - Level 3.0 Evocations


You had 5 spell levels left.
You knew the following spells:

 Your Spells              Type           Power      Damage    Failure   Level
z - Freeze                Ice            20%        1d4       30%         1
Your spell library was empty.

Inventory:

Hand Weapons
 a - a +0 club
 i - a +0 hand axe
 n - a +0 long sword (weapon)
Armour
 b - a +0 leather armour
 j - a +0 ring mail (worn)
Wands
 c - a wand of flame (11) (quivered)
 d - a wand of charming (15)
Scrolls
 f - 2 scrolls of identify {unknown}
 h - 2 scrolls of fog {unknown}
 l - a scroll of teleportation {unknown}
 o - a scroll of silence {unknown}
 p - a scroll of acquirement {unknown}
Potions
 g - 2 potions of lignification {unknown}
 k - 3 potions of brilliance {unknown}
 m - a potion of mutation {unknown}
Miscellaneous
 e - a piece from Xom's chessboard (15/15)

Dungeon Overview and Level Annotations

Branches:
Dungeon (2/15)

Altars:

Shops:
D:1 :   D:2 *

Annotations:
D:2 Robin

▒▒...▒▒▒▒▒▒▒▒▒▒.▒ ▒.≈≈▒▒.▒▒▒▒▒.
......▒▒≈≈≈≈≈▒▒.▒▒▒▒▒..≈≈▒.▒▒....
......▒≈≈≈≈≈≈≈▒........≈≈≈.▒...▒▒
...))▒▒≈≈≈≈≈≈≈▒▒.......▒≈▒.......
▒▒...▒≈≈≈≈≈≈≈≈≈▒...............▒▒
▒...▒≈≈≈.≈≈≈.≈▒.▒▒▒▒▒▒▒▒▒▒▒▒.▒▒
▒▒.▒▒....≈≈≈..▒.▒ ▒▒▒
▒..▒▒.......▒▒.▒
▒▒.▒▒.......▒▒R▒▒▒▒▒▒▒▒▒▒▒▒▒▒▒▒
▒▒▒▒>▒▒▒.....▒▒..))..............
.....▒▒▒▒...▒▒..g▒▒▒.▒▒▒▒▒▒.▒▒...
.†......▒...▒▒▒†.▒ ▒.▒ ▒.▒▒.▒▒
........▒...▒....▒ ▒.▒ ▒....▒
....▒▒.▒▒...▒▒▒▒)▒ ▒.▒ ▒▒▒▒.▒▒
.....▒.▒.......))▒▒▒.▒▒ ▒▒.▒▒...
▒.▒▒.▒.▒▒▒▒...........▒▒ ▒.....▒.
▒.▒ .▒ ▒ ▒...▒▒▒▒▒▒†..▒ ▒▒.▒▒▒▒.


You could see Robin.


Message History

You freeze Robin.
Robin is heavily wounded.
* * * LOW HITPOINT WARNING * * *
Robin hits you with a +0 spear.
* * * LOW HITPOINT WARNING * * *
Aiming: Freeze (safe; 30% risk of failure)
Aim: Robin, wielding a +0 spear, wearing a +0 animal skin and wearing a +0 helmet (heavily wounded)
You miscast Freeze.
You are very lightly contaminated with residual magic.
Nothing appears to happen.
* * * LOW HITPOINT WARNING * * *
Robin hits you but does no damage.
Aiming: Freeze (safe; 30% risk of failure)
Aim: Robin, wielding a +0 spear, wearing a +0 animal skin and wearing a +0 helmet (heavily wounded)
You freeze Robin.
Robin is severely wounded.
* * * LOW HITPOINT WARNING * * *
Robin says, "Kneel, worm!"
Robin hits you with a +0 spear.
* * * LOW HITPOINT WARNING * * *
Robin hits you from afar with a +0 spear.
* * * LOW HITPOINT WARNING * * *
Things that are here:
a +0 club; a goblin skeleton
Things that are here:
a +3 dagger; a hobgoblin corpse; a goblin skeleton Your magical contamination has completely faded away.
There is a stone staircase leading up here.
Robin hits you from afar with a +0 spear.
You die...

Action                   |  1- 3 |  4- 6 || total
-------------------------+-------+-------++-------
Melee: Club              |    54 |       ||    54
       Hand axe          |    25 |       ||    25
       Long sword        |    65 |    55 ||   120
 Cast: Freeze            |       |     2 ||     2
Evoke: Wand              |     1 |     3 ||     4
Armor: Leather armour    |    26 |       ||    26
       Ring mail         |    52 |    27 ||    79
Dodge: Dodged            |    92 |    29 ||   121
       Rpst.: Long sword |     7 |     9 ||    16

Levels and vault maps discovered:
D:1:      lemuel_arrival_lava_pool, layout_loops_ring, serial_shops,
          nicolae_shop_statue_plus
D:2:      minmay_inner_zag, layout_loops_ring,
          shapermc_ecumenical_altar_mp_highgroup, serial_rivers,
          chequers_serial_rivers_room_b, chequers_serial_rivers_large_b,
          chequers_serial_rivers_small_a, chequers_serial_rivers_micro_c,
          serial_shops, shop, nicolae_underground_beach, uniq_robin

Notes
Turn   | Place    | Note
-------+----------+-------------------------------------------
     0 | D:1      | sanka the Djinni Artificer began the quest for the Orb.
     0 | D:1      | Reached XP level 1. HP: 17/17 MP: 0/0
   118 | D:1      | Found Qiboyl's Book Shop.
   604 | D:1      | Reached XP level 2. HP: 21/23 MP: 0/0
   744 | D:1      | Reached skill level 2 in Fighting
  2167 | D:2      | Reached skill level 3 in Fighting
  2167 | D:2      | Reached XP level 3. HP: 24/30 MP: 0/0
  2167 | D:2      | Learned a level 1 spell: Freeze
  2669 | D:2      | Found Zaetrycoe's General Store.
  2814 | D:2      | Reached skill level 1 in Spellcasting
  2814 | D:2      | Reached XP level 4. HP: 20/35 MP: 0/0
  3152 | D:2      | Found a faded altar of an unknown god.
  3421 | D:2      | Noticed Robin
  3442 | D:2      | HP: 1/35 [Robin/+0 spear (4)]
  3451 | D:2      | Slain by Robin

Vanquished Creatures
  An adder (D:2)
  2 worms (D:2)
  3 bats
  6 endoplasms
  2 giant cockroaches (D:2)
  11 goblins
  7 hobgoblins (D:2)
  6 kobolds
  2 quokkas
  4 ball pythons
  6 rats
50 creatures vanquished.
